 Dungeon Crawl Stone Soup version 0.15-a0-98-g0c58811 (webtiles) character file.

259 tap556 the Sneak (level 5, -3/34 HPs)
             Began as a Halfling Assassin on Apr 9, 2014.
             Killed from afar by Sigmund (5 damage)
             ... with a magic dart
             ... on Level 3 of the Dungeon.
             The game lasted 00:17:29 (2872 turns).

tap556 the Sneak (Halfling Assassin)                Turns: 2872, Time: 00:17:29

HP  -3/34        AC  4     Str  8      XL: 5   Next: 63%
MP   5/5         EV 12     Int 11      God:
Gold 104         SH  0     Dex 19      Spells:  0 memorised,  4 levels left

rFire  . . .     SeeInvis .     s - +2 dagger (pain)
rCold  . . .     Clarity  .     x - +0 leather armour
rNeg   + . .     Conserve .     (no shield)
rPois  .         rCorr    .     (no helmet)
rElec  .         rRot     .     d - +0 cloak
SustAb . .       Spirit   .     (no gloves)
rMut   .         Warding  +     (no boots)
Saprov . . .     Stasis   .     w - amulet of warding
MR     .....                    (no ring)
                                (no ring)

@: not resistant to hostile enchantments, very stealthy
A: mutation resistance 1, slow metabolism 1
a: no special abilities


You were on level 3 of the Dungeon.
You were not hungry.

You visited 1 branch of the dungeon, and saw 3 of its levels.

You collected 104 gold pieces.

Inventory:

Hand weapons
 a - a +2,-1 dagger
 b - a +0 blowgun
 l - a +1,+2 dagger
 q - a +0,+0 cutlass of protection
 s - a +2,+2 dagger of pain (weapon)
Missiles
 c - 16 arrows of dispersal
 e - 6 poisoned needles
 f - 2 curare-tipped needles
 h - 18 arrows
 j - 56 darts (quivered)
 k - 10 bolts of frost
 n - 16 poisoned arrows
 r - 2 needles of confusion
Armour
 d - a +0 cloak (worn)
 x - a +0 leather armour (worn)
Comestibles
 g - 2 bread rations
Scrolls
 i - a scroll of immolation
 m - 3 scrolls of blinking
 o - a scroll of recharging
 u - a scroll of remove curse {unknown}
Jewellery
 w - an amulet of warding (around neck)
Potions
 t - a potion of confusion
 v - a potion of flight


   Skills:
 + Level 1.9 Fighting
 + Level 3.4 Short Blades
 + Level 4.2 Throwing
 + Level 0.7 Armour
 + Level 2.4 Dodging
 + Level 7.0 Stealth


You had 4 spell levels left.
You didn't know any spells.

Dungeon Overview and Level Annotations

Branches:
Dungeon (3/15)

Altars:
Vehumet

Annotations:
D:3 Sigmund


Innate Abilities, Weirdness & Mutations

You are small and have problems with some larger weapons.
You are somewhat resistant to further mutation.
You have a slow metabolism.


Message History

You hit Sigmund.
Sigmund is severely wounded.
You hit Sigmund.
Sigmund is severely wounded.
Sigmund hits you with a scythe!
You hit Sigmund but do no damage.
Sigmund is severely wounded.
You barely miss Sigmund.
Sigmund is severely wounded.
Sigmund hits you with a scythe!
* * * LOW HITPOINT WARNING * * *
Sigmund closely misses you.
Sigmund gestures wildly while chanting.
Sigmund flickers and vanishes!
Deactivating autopickup; reactivate with Ctrl-A.
You see here a robe.
The magic dart hits you!
* * * LOW HITPOINT WARNING * * *
The magic dart hits you!
You die...

#.# #.# #.# ###########.#
##.######.### ............#
#............ #####......##
#..####.#.### ##.#....##
#...........
####.%......#########.#####.#.###
...................##%#####.#.##
.........................##.#..
..#........###..@.....{.....#.##
#..........# #.....##.#...#.#.#
..######.### ##.)..##.........###
.## #.# ####.####...#...... .####
#.# #.# ##.##....## ....# #.#
#..).....# .##.# #.# ###....##.
....# ... #.##..### ##..# ### #.
#....#


There were no monsters in sight!

Vanquished Creatures
  A jelly (D:3)
  3 adders
  A giant mite (D:3)
  4 worms
  4 giant geckos
  2 oozes (D:3)
  6 orcs
  4 giant cockroaches
  11 goblins
  4 hobgoblins
  A ball python (D:2)
  8 bats
  A giant newt (D:2)
  3 jackals (D:2)
  5 kobolds
  3 rats
61 creatures vanquished.

Notes
Turn   | Place    | Note
--------------------------------------------------------------
     0 | D:1      | tap556, the Halfling Assassin, began the quest for the Orb.
     0 | D:1      | Reached XP level 1. HP: 14/14 MP: 1/1
   234 | D:1      | Reached XP level 2. HP: 16/19 MP: 2/2
   276 | D:1      | Reached skill level 6 in Stealth
   915 | D:2      | Reached XP level 3. HP: 12/24 MP: 3/3
  1045 | D:2      | Reached XP level 4. HP: 25/29 MP: 4/4
  1724 | D:3      | Found a radiant altar of Vehumet.
  1885 | D:3      | Reached skill level 7 in Stealth
  1885 | D:3      | Reached XP level 5. HP: 34/34 MP: 5/5
  1932 | D:3      | Noticed Sigmund
  2869 | D:3      | HP: 1/34 [something/magic dart (4)]
  2872 | D:3      | Killed from afar by Sigmund

Action                   |  1- 3 |  4- 6 || total
-------------------------+-------+-------++-------
Melee: Dagger            |    58 |   190 ||   248
 Fire: Blowgun           |     6 |     1 ||     7
Throw: Dart              |    15 |    18 ||    33
  Use: Potion            |     2 |     2 ||     4
       Scroll            |     1 |     6 ||     7
 Stab: Sleeping          |     4 |     6 ||    10
       Distracted        |       |     1 ||     1
